 Dungeon Crawl Stone Soup version 0.30-a0-605-gb2882149bf (webtiles) character file.

Game seed: 4482034417985392081

48 acebull12 the Grave Robber (level 3, -2/25 HPs)
             Began as a Demonspawn Necromancer on Jan 7, 2023.
             Slain by Terence
             ... wielding a +0 short sword
              (7 damage)
             ... on level 2 of the Dungeon.
             The game lasted 00:03:15 (1202 turns).

acebull12 the Grave Robber (Demonspawn Necromancer) Turns: 1202, Time: 00:03:16

Health: -2/25      AC:  2    Str:  8    XL:     3   Next: 50%
Magic:  5/6        EV: 12    Int: 18    God:
Gold:   102        SH:  0    Dex: 13    Spells: 5/6 levels left

rFire   . . .      SeeInvis .    f - +0 dagger
rCold   . . .      Faith    .    (no shield)
rNeg    . . .      Spirit   .    a - +0 robe
rPois   .          Reflect  .    (helmet restricted)
rElec   .          Harm     .    (no cloak)
rCorr   .          Rampage  .    (no gloves)
Will    .....                    (no boots)
Stlth   ++                       (no amulet)
HPRegen 0.24/turn                (no ring)
MPRegen 0.10/turn                (no ring)

@: no status effects
A: antennae 1
a: no special abilities


You were on level 2 of the Dungeon.
You visited 1 branch of the dungeon, and saw 2 of its levels.

You collected 102 gold pieces.

Inventory:

Hand Weapons
 c - a +0 club
 f - a +0 dagger (weapon)
Armour
 a - a +0 robe (worn)
Wands
 k - a wand of light (3)
Scrolls
 g - a scroll of brand weapon {unknown}
 i - a scroll of identify {unknown}
 j - a scroll of teleportation {unknown}
Potions
 b - a potion of magic
 d - a potion of berserk rage {unknown}
 e - a potion of lignification {unknown}
 h - a potion of cancellation {unknown}


   Skills:
 * Level 0.6 Fighting
 * Level 0.3 Armour
 + Level 2.0 Dodging
 + Level 1.8 Stealth
 * Level 2.4 Spellcasting
 * Level 5.2 Necromancy


You had 5 spell levels left.
You knew the following spells:

 Your Spells              Type           Power      Damage    Failure   Level
a - Necrotise             Necr           80%        1d8       1%          1

Your spell library contained the following spells:

 Spells                   Type           Power      Damage    Failure   Level
 Vampiric Draining        Necr           20%        2d7       6%          3
 Animate Dead             Necr           20%        N/A       21%         4
 Agony                    Necr           20%        N/A       50%         5


Dungeon Overview and Level Annotations

Branches:
Dungeon (2/15)

Altars:

Annotations:
D:2 Terence


Innate Abilities, Weirdness & Mutations

You have a pair of small antennae on your head.


Message History

The goblin shouts!
You hit Terence but do no damage.
Terence is moderately wounded.
Terence completely misses you.
You hit Terence but do no damage.
Terence is moderately wounded.
Terence hits you with a +0 short sword.
You completely miss Terence.
Terence is moderately wounded.
Terence hits you but does no damage.
You hit Terence but do no damage.
Terence is moderately wounded.
Terence barely misses you.
You hit Terence but do no damage.
Terence is moderately wounded.
Terence hits you with a +0 short sword.
You closely miss Terence.
Terence is moderately wounded.
Terence closely misses you.
You hit Terence but do no damage.
Terence is moderately wounded.
Terence looks scornfully at you. Terence closely misses you.
You hit Terence.
Terence is heavily wounded.
Terence completely misses you.
You hit Terence but do no damage.
Terence is heavily wounded.
Terence hits you with a +0 short sword.
* * * LOW HITPOINT WARNING * * *
You barely miss Terence.
Terence is heavily wounded.
Terence barely misses you.
Casting: Necrotise (safe; 1% risk of failure)
Confirm with . or Enter, or press ? or * to list all spells.
Aiming: Necrotise (safe; 1% risk of failure)
Press: ? - help, Shift-Dir - straight line, f/p - Terence
Aim: Terence, wielding a +0 short sword and wearing a +0 chain mail (heavily wounded, chance to affect: 84%) Terence writhes in agony.
Terence hits you with a +0 short sword!
You die...

#))......#.
.#+#+#...######
.........#
.........######.#
................#
........#########
............#
......#.###.#
......#.# #@#
......#.# #@#
##### #.# .g?
..'.....
#.#......
#.########


You could see Terence and a goblin.

Vanquished Creatures
  An adder (D:1)
  A dart slug (D:1)
  2 worms (D:2)
  4 bats (D:1)
  2 endoplasms (D:1)
  A giant cockroach (D:1)
  4 goblins
  3 hobgoblins
  2 quokkas
  3 ball pythons
  A frilled lizard (D:1)
  3 rats
27 creatures vanquished.

Vanquished Creatures (collateral kills)
  A ball python (D:1)
  3 kobolds
4 creatures vanquished.

Grand Total: 31 creatures vanquished

Notes
Turn   | Place    | Note
-------+----------+-------------------------------------------
     0 | D:1      | acebull12 the Demonspawn Necromancer began the quest for
                  | the Orb.
     0 | D:1      | Reached XP level 1. HP: 13/13 MP: 3/3
   254 | D:1      | Gained mutation: You have a pair of small antennae on your
                  | head. [demonic ancestry]
   254 | D:1      | Reached XP level 2. HP: 15/19 MP: 5/5
   574 | D:1      | Reached skill level 5 in Necromancy
   899 | D:1      | Reached XP level 3. HP: 25/25 MP: 3/6
  1184 | D:2      | Noticed Terence
  1202 | D:2      | Slain by Terence

Illustrated notes

Levels and vault maps discovered:
D:1:      mrwooster_arrival_arrow, layout_rooms, serial_corexii_hall,
          chequers_hall_statues_wall_a, corexii_hall_statues_x,
          chequers_hall_statues_y, corexii_hall_statues_deadend,
          corexii_hall_statues_s, chequers_hall_statues_wall_a,
          grunt_decor_one_mirror, wander_ebering_terrifying_dragon_lair
D:2:      layout_basic, st_stairs_10, uniq_terence, uniq_jessica

Skill      XL: |  1  2  3 |
---------------+----------+-----
Necromancy     | 5 |  5.2
Dodging        | 2 |  2.0
Fighting       | |  0.6
Armour         | |  0.3
Stealth        | |  1.8
Spellcasting   | |  2.4

Action                   || total
-------------------------++-------
Melee: Club              ||     9
       Dagger            ||    53
       Unarmed           ||     4
       Punch             ||     1
 Cast: Necrotise         ||    40
 Stab: Sleeping          ||     1
Armor: Robe              ||    12
Dodge: Dodged            ||    45

Table legend: (Time is in decaauts)
 A = Elapsed time spent in this place.
 B = Non-inter-level travel time spent in this place.
 C = Inter-level travel time spent in this place.
 D = Time resting spent in this place.
 E = Time spent auto-exploring this place.
 F = Levels seen in this place.
 G = Mean time per level.
                   A        B        C        D        E       F      G
               +--------+--------+--------+--------+--------+-----+--------+
         Total |   1203 |   1164 |     39 |     95 |    810 |   2 |  601.5 |
       Dungeon |   1203 |   1164 |     39 |     95 |    810 |   2 |  601.5 |
               +--------+--------+--------+--------+--------+-----+--------+

Top non-repeatable levels by time:
     D:1: 944 daAuts
     D:2: 259 daAuts
